 Dungeon Sprint DCSS version 0.19.5 (webtiles) character file.

4379 Mesmaeker13 the Severer (level 10, -5/104 (105) HPs)
             Began as a Minotaur Gladiator on Apr 4, 2017.
             Was an Elder of Makhleb.
             Slain by an unseen horror (8 damage)
             ... in the Dungeon (Sprint I: "Red Sonja").
             The game lasted 00:07:17 (2402 turns).

Mesmaeker13 the Severer (Minotaur Gladiator)        Turns: 2402, Time: 00:07:18

HP:   -5/104 (105)  AC: 10    Str: 22    XL:     10   Next: 13%
MP:   15/15         EV: 14    Int:  5    God:    Makhleb [****..]
Gold: 680           SH:  0    Dex: 12    Spells: 0 memorised, 9 levels left

rFire  . . .     SeeInvis .     a - +0 war axe
rCold  . . .     Gourm    .     g - +0 chain mail
rNeg   . . .     Faith    .     (no shield)
rPois  .         Spirit   .     c - +0 hat
rElec  .         Reflect  .     (no cloak)
rCorr  .         Harm     .     (no gloves)
MR     .....     NoTele   +     (no boots)
Stlth  ..........               (no amulet)
                                (no ring)
                                (no ring)

@: no status effects
A: retaliatory headbutt, horns 2
a: Minor Destruction, Lesser Servant of Makhleb, Major Destruction, Renounce
Religion


You were in the Dungeon.
You worshipped Makhleb.
Makhleb was greatly pleased with you.
You were not hungry.

You visited 1 branch You collected 743 gold pieces.
You spent 63 gold pieces at shops.

Inventory:

Hand Weapons
 a - a +0 war axe (weapon)
 m - a +0 spear
Armour
 c - a +0 hat (worn)
 g - a +0 chain mail (worn)
Scrolls
 e - a scroll of remove curse {unknown}
 k - a scroll of blinking
Potions
 h - a potion of haste
 i - 3 potions of magic
 j - a potion of berserk rage
 l - 2 potions of brilliance {unknown}
Comestibles
 f - a bread ration


   Skills:
 + Level 15.0 Fighting
 + Level 15.2 Axes
 - Level 2.0 Throwing
 + Level 8.0 Armour
 - Level 12.4 Dodging
 + Level 8.4 Invocations


You had 9 spell levels left.
You didn't know any spells.

Dungeon Overview and Level Annotations

Branches:
Dungeon (1/1)

Altars:
Cheibriados
Dithmenos
Elyvilon
Fedhas
Gozag
Hepliaklqana
Kikubaaqudgha
Makhleb
Nemelex Xobeh
Okawaru
Qazlal
Ru
Sif Muna
Trog
Uskayaw
Vehumet
Xom
Yredelemnul
Zin
The Shining One
Jiyva
Lugonu

Shops:
D ?[


Innate Abilities, Weirdness & Mutations

You reflexively headbutt those who attack you in melee.
You have a pair of horns on your head.


Message History

* * * LOW HITPOINT WARNING * * *
Something hits you but does no damage. Something hits you.
* * * LOW HITPOINT WARNING * * *
Something hits you.
* * * LOW HITPOINT WARNING * * *
Something hits you but does no damage.
There is an open door, spattered with blood here.
Something barely misses you. Something hits you.
* * * LOW HITPOINT WARNING * * *
You enter the shallow water.
Moving in this stuff is going to be slow.
Something hits you.
* * * LOW HITPOINT WARNING * * *
Something hits you but does no damage. Something hits you.
* * * LOW HITPOINT WARNING * * *
Something hits you.
* * * LOW HITPOINT WARNING * * *
Something hits you!
You die...

#########################
<.#..').#..'..#__#..')..#
..'..#..').#..)..'..#)..#
..#####'#####'#__####...+
..####..#...#§####§§#####
..#__####..##|#§§{§.#.§#
..#_____##'#.(§§@§{§§.§#
⌠⌠#_.∩...').._#§§§§§#..#
###_..__##_.#'##§#####§###
#_____###+#.#..(.###.'.#
####### ####'###.###§#
+.....'[∩##.#
###########§# #. #.# #..
+§#


There were no monsters in sight!

Vanquished Creatures
  2 centaur warriors (D)
  A deep troll (D)
  An oklob plant (D)
  2 kobold demonologists (D)
  A hornet (D)
  A slime creature (D)
  2 redbacks (D)
  Sigmund (D)
  A yak (D)
  2 floating eyes (D)
  A necrophage (D)
  An ogre (D)
  8 jellies (D)
  Ijyb (D)
25 creatures vanquished.

Vanquished Creatures (others)
  2 hornets (D)
2 creatures vanquished.

Grand Total: 27 creatures vanquished

Notes
Turn   | Place    | Note
-------+----------+-------------------------------------------
     0 | D        | Mesmaeker13 the Minotaur Gladiator began the quest for the Orb.
     0 | D        | Reached XP level 1. HP: 18/18 MP: 0/0
     1 | D        | Noticed Ijyb
     7 | D        | Killed Ijyb
     7 | D        | Reached skill level 5 in Axes
     7 | D        | Reached XP level 2. HP: 22/28 MP: 1/1
    70 | D        | Noticed an ogre
    74 | D        | Killed an ogre
    74 | D        | Reached XP level 3. HP: 21/38 MP: 2/2
    74 | D        | Reached XP level 4. HP: 25/45 MP: 3/3
   215 | D        | Noticed Sigmund
   224 | D        | Killed Sigmund
   224 | D        | Reached XP level 5. HP: 57/57 MP: 4/4
   224 | D        | Reached XP level 6. HP: 63/63 MP: 5/5
   239 | D        | Found a deep blue altar of Sif Muna.
   241 | D        | Found a radiant altar of Vehumet.
   263 | D        | Found Lotuesoa's Magic Scroll Emporium.
   263 | D        | Found an ancient bone altar of Kikubaaqudgha.
   263 | D        | Found a hazy altar of Hepliaklqana.
   263 | D        | Found a hide-covered altar of Uskayaw.
   263 | D        | Found a basalt altar of Yredelemnul.
   263 | D        | Found an opulent altar of Gozag.
   263 | D        | Found a snail-covered altar of Cheibriados.
   263 | D        | Found a sacrificial altar of Ru.
   263 | D        | Found a shadowy altar of Dithmenos.
   263 | D        | Noticed a yak
   272 | D        | Killed a yak
   272 | D        | Reached skill level 10 in Fighting
   272 | D        | Reached skill level 10 in Axes
   273 | D        | Found a stormy altar of Qazlal.
   273 | D        | Found a blossoming altar of Fedhas.
   273 | D        | Found a bloodstained altar of Trog.
   273 | D        | Found an iron altar of Okawaru.
   273 | D        | Found a glowing golden altar of the Shining One.
   273 | D        | Found a glowing silver altar of Zin.
   273 | D        | Found a white marble altar of Elyvilon.
   274 | D        | Found a sparkling altar of Nemelex Xobeh.
   369 | D        | Found a burning altar of Makhleb.
   369 | D        | Found a viscous altar of Jiyva.
   369 | D        | Found a shimmering altar of Xom.
   369 | D        | Found a corrupted altar of Lugonu.
   369 | D        | Noticed a slime creature
   376 | D        | Killed a slime creature
   376 | D        | Reached skill level 10 in Dodging
   376 | D        | Reached XP level 7. HP: 36/74 MP: 6/6
   378 | D        | Became a worshipper of Makhleb the Destroyer
   578 | D        | Noticed a kobold demonologist
   579 | D        | Noticed a kobold demonologist
   582 | D        | Noticed a neqoxec
   584 | D        | Noticed a hellwing
   586 | D        | Noticed a sun demon
   588 | D        | Killed a kobold demonologist
   588 | D        | Reached XP level 8. HP: 35/83 MP: 6/9
   591 | D        | Killed a kobold demonologist
   591 | D        | Reached * piety under Makhleb
   591 | D        | Reached skill level 5 in Armour
   910 | D        | Noticed a centaur warrior
   924 | D        | Killed a centaur warrior
   946 | D        | Noticed a centaur warrior
   957 | D        | Killed a centaur warrior
   957 | D        | Reached XP level 9. HP: 45/94 MP: 11/13
  1177 | D        | Paralysed by a hornet for 3 turns
  1190 | D        | Reached ** piety under Makhleb
  1513 | D        | Noticed a deep troll
  1521 | D        | Killed a deep troll
  1540 | D        | Found Atioruirey's Armour Emporium.
  1545 | D        | Bought a +0 chain mail for 63 gold pieces
  1569 | D        | Noticed an oklob plant
  1577 | D        | Killed an oklob plant
  1723 | D        | Reached *** piety under Makhleb
  1723 | D        | Reached XP level 10. HP: 52/104 MP: 15/15
  2049 | D        | Reached skill level 15 in Axes
  2091 | D        | Reached **** piety under Makhleb
  2096 | D        | Reached skill level 15 in Fighting
  2402 | D        | HP: 3/104 [something (6)]
  2402 | D        | Slain by an unseen horror

Skill      XL: |  1  2  3  4  5  6  7  8  9 10 |
---------------+-------------------------------+-----
Fighting       | 4 6 9 11 13 14 15 | 15.0
Axes           | 5 7 9 11 12 13 14 15 | 15.2
Dodging        | 4 6 8 10 11 12 | 12.4
Armour         | 4 5 7 8 |  8.0
Invocations    | 3 7 8 |  8.4
Throwing       | |  2.0

Action                   |  1- 3 |  4- 6 |  7- 9 | 10-12 || total
-------------------------+-------+-------+-------+-------++-------
Melee: War axe           |     8 |    21 |    60 |    47 ||   136
       Headbutt          |     1 |     8 |    20 |    13 ||    42
Throw: Throwing net      |       |     1 |     3 |       ||     4
  Use: Potion            |       |       |     2 |       ||     2
 Stab: Held in net/web   |       |       |     3 |       ||     3
  Eat: Chunk             |       |       |     3 |       ||     3
       Bread ration      |       |       |       |     1 ||     1
Armor: Leather armour    |       |       |     3 |       ||     3
       Chain mail        |       |       |     1 |    50 ||    51
Dodge: Dodged            |     6 |    11 |    35 |    20 ||    72
